 Dungeon Crawl Stone Soup version 0.25-b1-37-g2669288c55 (webtiles) character file.

Game seed: 4716196451437490042

4566 dorian the Destroyer (level 10, -2/71 HPs)
             Began as a Black Draconian Fire Elementalist on June 4, 2020.
             Was an Initiate of Vehumet.
             Killed themself with a bounced orb of electricity (7 damage)
             ... on level 9 of the Dungeon.
             The game lasted 00:26:18 (10665 turns).

dorian the Destroyer (DrFE)                        Turns: 10665, Time: 00:26:19

Health: -2/71      AC:  9    Str: 16    XL:     10   Next: 18%
Magic:  1/21       EV: 12    Int: 21    God:    Vehumet [......]
Gold:   356        SH:  0    Dex: 12    Spells: 10/23 levels left

rFire    + . .     SeeInvis .   u - +2 flail of the Unliving {vorpal, rF+ Int+2}
rCold    . . .     Gourm    .   (no shield)
rNeg     . . .     Faith    .   (armour unavailable)
rPois    .         Spirit   .   (helmet restricted)
rElec    +         Reflect  .   (no cloak)
rCorr    .         Harm     .   t - +1 pair of gloves
MR       .....                  (no boots)
Stlth    ++........             r - amulet of the acrobat
HPRegen  0.21/turn              A - +6 ring of strength
MPRegen  0.17/turn              F - ring of wizardry

@: no status effects
A: breathe lightning, unfitting armour, electricity resistance, cold-blooded, AC
+7
a: Breathe Lightning, Renounce Religion


You were on level 9 of the Dungeon.
You worshipped Vehumet.
Vehumet was noncommittal.
You were not hungry.

You visited 2 branches of the dungeon, and saw 10 of its levels.

You collected 356 gold pieces.

Inventory:

Hand Weapons
 u - the +2 flail of the Unliving (weapon) {vorpal, rF+ Int+2}
   (You found it on level 7 of the Dungeon)

   It inflicts extra damage upon your enemies.
   It affects your intelligence (+2).
   It protects you from fire.
 w - a +2 dagger of speed
 z - a +1 hunting sling of flaming
 L - a cursed +2 halberd of freezing
 M - a cursed +0 war axe
Missiles
 v - 8 poisoned darts (quivered)
 B - 132 stones
Armour
 q - a +0 pair of gloves
 t - a +1 pair of gloves (worn)
Jewellery
 k - an uncursed amulet of guardian spirit
 n - an uncursed amulet of inaccuracy
 r - an amulet of the acrobat (around neck)
 A - a +6 ring of strength (left hand)
 F - a ring of wizardry (right hand)
Wands
 s - a wand of digging (15)
 H - a wand of polymorph (8)
 J - a wand of iceblast (2)
Scrolls
 a - 3 scrolls of fear
 d - a scroll of enchant armour
 f - 6 scrolls of remove curse
 i - 2 scrolls of enchant weapon {unknown}
 l - 13 scrolls of identify {unknown}
 m - 3 scrolls of teleportation {unknown}
 o - 3 scrolls of magic mapping {unknown}
 p - 2 scrolls of fog {unknown}
 x - a scroll of noise {unknown}
 y - 2 scrolls of blinking {unknown}
 E - a scroll of summoning {unknown}
 G - a scroll of immolation {unknown}
Potions
 c - a potion of invisibility {unknown}
 g - 6 potions of curing {unknown}
 h - 2 potions of lignification {unknown}
 j - 2 potions of might {unknown}
 C - a potion of brilliance {unknown}
 D - 4 potions of degeneration {unknown}
 I - a potion of stabbing {unknown}
 K - a potion of cancellation {unknown}
 O - a potion of flight {unknown}
Comestibles
 b - 18 rations
 N - 5 chunks of flesh


   Skills:
 + Level 1.0 Fighting
 + Level 2.1 Dodging
 - Level 1.7 Stealth
 + Level 7.3 Spellcasting
 + Level 10.0 Conjurations
 + Level 8.3 Fire Magic


You had 10 spell levels left.
You knew the following spells:

 Your Spells              Type           Power        Failure   Level  Hunger
a - Foxfire               Conj/Fire      ####         1%          1    None
b - Sticky Flame          Conj/Fire      #####...     1%          4    ###....
c - Fireball              Conj/Fire      #####.....   2%          5    #####..
d - Stone Arrow           Conj/Erth      ####..       1%          3    None

Your spell library contained the following spells:

 Spells                   Type           Power        Failure   Level  Hunger
 Magic Dart               Conj           ####         1%          1    None
 Searing Ray              Conj           ######       1%          2    None
 Conjure Flame            Conj/Fire      #####...     1%          3    None
 Dazzling Flash           Conj/Hex       ####..       1%          3    None
 Inner Flame              Hex/Fire       ####....     1%          3    None
 Mephitic Cloud           Conj/Pois/Air  ###.....     2%          3    None
 Freeze                   Ice            #...         3%          1    None
 Sandblast                Erth           #.....       3%          1    None
 Sting                    Tmut/Pois      #...         3%          1    None
 Ignite Poison            Fire/Tmut/Pois ###.....     3%          3    None
 Fulminant Prism          Conj/Hex       ####......   4%          4    ###....
 Hailstorm                Conj/Ice       ####....     4%          4    ###....
 Iskenderun's Mystic Bla  Conj/Tloc      ####....     4%          4    ###....
 Passwall                 Tmut/Erth      #.......     5%          2    None
 Poisonous Vapours        Pois/Air       #.....       5%          2    None
 Frozen Ramparts          Ice            #.....       11%         3    None
 Ozocubu's Armour         Chrm/Ice       #.......     11%         3    None
 Olgreb's Toxic Radiance  Pois           #.......     32%         4    ###....
 Petrify                  Tmut/Erth      #.......     32%         4    ###....
 Summon Ice Beast         Ice/Summ       #.......     32%         4    ###....
 Lee's Rapid Deconstruct  Erth           #.........   65%         5    #####..


Dungeon Overview and Level Annotations

Branches:
Dungeon (9/15)             Temple (1/1) D:5
   Lair: D:8-11         Orc: D:9-12

Altars:
Ashenzari
Elyvilon
Makhleb
Ru
Trog
Vehumet
Wu Jian
Xom
The Shining One


Innate Abilities, Weirdness & Mutations

You can breathe wild blasts of lightning.
Your glossy black scales are hard. (AC +7)
You cannot fit into any form of body armour.
You are resistant to electric shocks. (rElec)
You are cold-blooded and may be slowed by cold attacks.


Message History

Casting: Stone Arrow (safe; 1% risk of failure)
Confirm with . or Enter, or press ? or * to list all spells.
You conjure some foxfire!
The slime creature hits you but does no damage.
Unknown command.
Your foxfire dissipates!
The foxfire hits the slime creature but does no damage.
The slime creature is moderately wounded.
You sock the slime creature!
The slime creature is heavily wounded.
The slime creature barely misses you. x2
You barely miss the slime creature. You tail-slap the slime creature.
The slime creature is heavily wounded.
The slime creature hits you but does no damage.
You sock the slime creature! You tail-slap the slime creature.
The slime creature is severely wounded.
The slime creature hits you but does no damage. x2
You breathe a wild blast of lightning!
The orb of electricity explodes!
The orb of electricity engulfs you! You resist.
You die...

######### .........
#...#...#########
................#
...#...#..####.#
...........# .#
#################..# .#
............###....####.#
................@.......#
################J.......#
..# #...<....# ..#
#..####..# ..# +..# #..#
..# .#..####..# ..#
.....v....# ###
..........# ...........#


You could see a slime creature.

Vanquished Creatures
  Pikel (D:8)
  Maggie (D:8)
  Grinder (D:5)
  4 slime creatures (D:9)
  Grum (D:8)
  A hungry ghost (D:7)
  A water moccasin (D:6)
  An ice beast (D:8)
  An orc warrior (D:6)
  A sky beast (D:9)
  A black bear (D:8)
  A slave (D:8)
  3 ogres
  2 phantoms
  3 wolves (D:8)
  2 centaurs
  A bullfrog (D:7)
  A scorpion (D:9)
  3 killer bees
  3 wights (D:8)
  A howler monkey (D:5)
  A crimson imp (D:7)
  2 orc priests (D:6)
  3 hounds
  6 orc wizards (D:6)
  2 bullfrog skeletons (D:4)
  A jelly (D:5)
  Jessica (D:2)
  2 iguanas
  Ijyb (D:3)
  6 worker ants
  4 gnolls (D:4)
  4 adders
  3 shadow imps
  2 adder skeletons (D:5)
  2 worms
  3 dart slugs
  5 leopard geckos
  9 orcs
  2 goblins (D:1)
  12 hobgoblins
  3 jackals (D:5)
  A quokka (D:5)
  2 ball pythons
  3 bats (D:1)
  6 frilled lizards
  5 kobolds
  A leopard gecko zombie (D:5)
  A quokka skeleton (D:4)
  8 rats
135 creatures vanquished.

Vanquished Creatures (collateral kills)
  A goblin (D:1)
  A frilled lizard (D:4)
2 creatures vanquished.

Vanquished Creatures (others)
  3 slaves (D:8)
  A wolf (D:8)
  An adder (D:8)
  389 foxfires
394 creatures vanquished.

Grand Total: 531 creatures vanquished

Notes
Turn   | Place    | Note
-------+----------+-------------------------------------------
     0 | D:1      | dorian the Draconian Fire Elementalist began the quest for
                  | the Orb.
     0 | D:1      | Reached XP level 1. HP: 14/14 MP: 3/3
   461 | D:1      | Reached XP level 2. HP: 16/20 MP: 0/5
   857 | D:1      | Reached skill level 2 in Conjurations
  1303 | D:2      | Reached XP level 3. HP: 26/26 MP: 2/6
  1836 | D:2      | Found a shattered altar of Ashenzari.
  2301 | D:2      | Noticed Jessica
  2306 | D:2      | Killed Jessica
  2306 | D:2      | Reached skill level 3 in Conjurations
  2306 | D:2      | Reached XP level 4. HP: 26/33 MP: 2/8
  2663 | D:3      | Noticed Ijyb
  2692 | D:3      | Killed Ijyb
  3460 | D:3      | You fall into a shaft and drop 2 floors!
  3460 | D:5      | Entered Level 5 of the Dungeon
  3460 | D:5      | Found a glowing golden altar of the Shining One.
  3650 | D:4      | Reached XP level 5. HP: 35/38 MP: 9/9
  3810 | D:4      | Reached skill level 4 in Conjurations
  3975 | D:4      | Found an ornate altar of the Wu Jian Council.
  3976 | D:4      | Found a burning altar of Makhleb.
  4062 | D:4      | Noticed a phantom
  4070 | D:4      | Killed a phantom
  4070 | D:4      | Reached XP level 6. HP: 38/45 MP: 1/11
  5260 | D:5      | Found a staircase to the Ecumenical Temple.
  5446 | D:5      | Reached skill level 5 in Conjurations
  5501 | D:5      | Your scales start taking on a glossy black colour.
  5501 | D:5      | Reached XP level 7. HP: 41/50 MP: 12/12
  5501 | D:5      | Gained mutation: You are resistant to electric shocks.
                  | (rElec) [Black Draconian growth]
  5740 | D:5      | Found a shimmering altar of Xom.
  5763 | D:5      | Reached skill level 5 in Fire Magic
  6000 | D:5      | Noticed Grinder
  6023 | D:5      | Killed Grinder
  6023 | D:5      | Reached skill level 6 in Conjurations
  6339 | Temple   | Entered the Ecumenical Temple
  6347 | Temple   | Became a worshipper of Vehumet
  6460 | D:6      | Learned a level 4 spell: Sticky Flame
  6466 | D:6      | Learned a level 5 spell: Fireball
  6661 | D:6      | Reached XP level 8. HP: 57/57 MP: 10/14
  6756 | D:6      | Learned a level 3 spell: Stone Arrow
  6817 | D:6      | Reached skill level 7 in Conjurations
  6826 | D:6      | Reached skill level 5 in Spellcasting
  7734 | D:7      | Got a smoking flail
  7735 | D:7      | Identified the +2 flail of the Unliving {vorpal, rF+ Int+2}
                  | (You found it on level 7 of the Dungeon)
  7944 | D:7      | Reached skill level 8 in Conjurations
  8461 | D:8      | Noticed Maggie
  8671 | D:8      | Noticed Pikel
  8689 | D:8      | Killed Pikel
  8689 | D:8      | Reached XP level 9. HP: 28/62 MP: 5/17
  8721 | D:8      | Noticed Grum
  8863 | D:8      | Reached skill level 9 in Conjurations
  9171 | D:8      | Killed Maggie
  9400 | D:8      | Killed Grum
  9643 | D:8      | Found a bloodstained altar of Trog.
  9963 | D:9      | Reached XP level 10. HP: 15/69 MP: 1/20
 10420 | D:9      | Reached skill level 10 in Conjurations
 10472 | D:9      | Found a sacrificial altar of Ru.
 10654 | D:9      | Reached skill level 1 in Fighting
 10665 | D:9      | Killed themself with a bounced orb of electricity

Illustrated notes

Levels and vault maps discovered:
D:1:      minmay_arrival_four_houses, layout_basic, minmay_quantized
D:2:      layout_loops_ring, old_standard_altar, uniq_jessica
D:3:      layout_basic, roderic_lattice_a, serial_park_tiny_1, uniq_ijyb
D:4:      layout_gridville, gammafunk_temple_overflow_statue, first_ration
D:5:      layout_loops_ring, nicolae_overflow_crystal_walls,
          lemuel_doored_altar, temple_doors_e, uniq_grinder
D:6:      layout_basic, grunt_decor_resistance,
          minmay_a_box_with_orc_wizards_in_it
D:7:      layout_loops_ring, hangedman_decor_growths
D:8:      layout_basic, bloody_trog, uniq_maggie, uniq_pikel, uniq_grum
D:9:      layout_stronghold, lemuel_crystal_altar,
          lemuel_coloured_pillars_altar, gammafunk_ghost_cemetery,
          blue_anna_alchemist [blue_anna_fruit_fields, blue_anna_fruit_fields],
          nrook_mini_backslash
Temple:   dpeg_chambers_temple

Skill      XL: |  1  2  3  4  5  6  7  8  9 10 |
---------------+-------------------------------+-----
Conjurations   | 2 3 4 5 6 8 9 10 | 10.0
Spellcasting   | 3 4 5 7 |  7.3
Fire Magic     | 4 5 6 8 |  8.3
Fighting       | 1 |  1.0
Dodging        | 2 |  2.1
Stealth        | |  1.7

Action                   |  1- 3 |  4- 6 |  7- 9 | 10-12 || total
-------------------------+-------+-------+-------+-------++-------
Melee: Unarmed           |    52 |    14 |       |       ||    66
       Tailslap          |     2 |     3 |     2 |     3 ||    10
       Dagger            |       |    22 |       |       ||    22
       Flail             |       |       |    25 |    20 ||    45
 Fire: Hunting sling     |       |    62 |    45 |       ||   107
 Cast: Foxfire           |    65 |    73 |   123 |    28 ||   289
       Sticky Flame      |       |       |    15 |       ||    15
       Stone Arrow       |       |       |     5 |     6 ||    11
       Fireball          |       |       |     4 |       ||     4
Evoke: Wand              |       |       |    16 |       ||    16
  Use: Scroll            |     3 |       |       |       ||     3
       Potion            |       |       |     2 |     1 ||     3
 Stab: Sleeping          |     1 |     1 |       |       ||     2
  Eat: Chunk             |     5 |     7 |    11 |       ||    23
       Ration            |       |     1 |     2 |     1 ||     4
Armor: Skin              |    13 |    19 |    22 |    14 ||    68
Dodge: Dodged            |    46 |    38 |    66 |    14 ||   164
